 Dungeon Crawl Stone Soup version 0.29.0-7-g18a832c13a (webtiles) character file.

Game seed: 8829088631902980232

68 SnakkuSnakku7 the Grave Robber (level 4, -2/24 HPs)
             Began as a Kobold Necromancer on Aug 30, 2022.
             Killed from afar by Natasha (12 damage)
             ... with a magic dart
             ... on level 2 of the Dungeon.
             The game lasted 00:02:48 (1381 turns).

SnakkuSnakku7 the Grave Robber (Kobold Necromancer) Turns: 1381, Time: 00:02:49

Health: -2/24      AC:  2    Str:  5    XL:     4   Next: 41%
Magic:  6/7        EV: 15    Int: 18    God:
Gold:   59         SH:  0    Dex: 15    Spells: 3/7 levels left

rFire   . . .      SeeInvis +   e - staff of death
rCold   . . .      Faith    .   (shield currently unavailable)
rNeg    + . .      Spirit   .   a - +0 robe
rPois   .          Reflect  .   (no helmet)
rElec   .          Harm     .   (no cloak)
rCorr   .          Rampage  .   (no gloves)
Will    .....                   (no boots)
Stlth   +++.......              (no amulet)
HPRegen 0.08/turn               h - ring of see invisible
MPRegen 0.10/turn               (no ring)

@: no status effects
A: small, no large weapons, nightstalker 3
a: no special abilities


You were on level 2 of the Dungeon.
You visited 1 branch of the dungeon, and saw 2 of its levels.

You collected 59 gold pieces.

Inventory:

Hand Weapons
 d - a +0 short sword
Armour
 a - a +0 robe (worn)
Magical Staves
 e - a staff of death (weapon)
Jewellery
 h - a ring of see invisible (left hand)
Scrolls
 c - a scroll of noise {unknown}
 f - a scroll of summoning {unknown}
 g - a scroll of identify {unknown}
 i - a scroll of immolation {unknown}
 j - a scroll of fog {unknown}
 k - a scroll of vulnerability {unknown}
Potions
 b - a potion of magic


   Skills:
 - Level 2.4 Dodging
 - Level 2.6 Stealth
 - Level 2.1 Spellcasting
 + Level 5.6 Necromancy


You had 3 spell levels left.
You knew the following spells:

 Your Spells              Type           Power      Damage    Failure   Level
a - Vampiric Draining     Necr           33%        2d8       5%          3
b - Necrotise             Necr           100%       1d9       1%          1

Your spell library contained the following spells:

 Spells                   Type           Power      Damage    Failure   Level
 Animate Dead             Necr           33%        N/A       17%         4
 Agony                    Necr           33%        N/A       43%         5


Dungeon Overview and Level Annotations

Branches:
Dungeon (2/15)

Altars:

Annotations:
D:2 Natasha


Innate Abilities, Weirdness & Mutations

You are small and have problems with some larger weapons.
You are completely attuned to the shadows.


Message History

You swap places.
Natasha, Servant of Life and Death comes into view.
She is carrying a wand of roots (6).
Found a scroll labelled HAEL GYUGRUENT.
Natasha hisses angrily.
You hear a shout!
Natasha zaps a wand.
The roots erupt in riotous growth!
The grasping roots grab you!
Your adder skeleton is unaffected.
The grasping roots constrict you.
You hear an angry hiss.
Unknown command.
Aiming: Necrotise (safe; 1% risk of failure)
Press: ? - help, Q - select action Shift-Dir - straight line, f - Natasha
Aim: Natasha, carrying a wand of roots (5) (ally target, chance to affect: 83%)
You feel a surge of power!
Natasha writhes in agony.
A hobgoblin comes into view.
Natasha stares at you and mumbles some strange words.
The magic dart hits you! The grasping roots constrict you.
The grasping roots release their grip on you.
Unknown command.
Aiming: Necrotise (safe; 1% risk of failure)
Press: ? - help, Q - select action Shift-Dir - straight line, f/p - Natasha
Aim: Natasha, carrying a wand of roots (5) (moderately wounded, ally target, chance to affect: 83%)
Okay, then.
Something hits your adder skeleton.
Something closely misses your adder skeleton.
There is a stone staircase leading down here.
Natasha mumbles some strange words.
Aiming: Necrotise (safe; 1% risk of failure)
Press: ? - help, Q - select action Shift-Dir - straight line, f/p - Natasha
Aim: Natasha, carrying a wand of roots (5) (moderately wounded, chance to affect: 83%)
Okay, then.
You start resting.
Natasha is nearby!
Casting: Necrotise (safe; 1% risk of failure)
Confirm with . or Enter, or press ? or * to list all spells.
Okay, then.
Natasha casts a spell at you. The magic dart hits you!
Ouch! That really hurt!
You die...

#.# ?....~~.. #.#
......⌠~.. #<#
$.gh.~.~..# #. #.###.
..........# #.####.....
...........# #......###.
...........# ####...)..#
#......h...###.......###
##..............@..#..##
...........######.h....#
#.....#####.>.....######
#....#####..h.####
###.#....#.....#
....###........#
...............#
############...# #...#


You could see Natasha.

Vanquished Creatures
  2 adders (D:2)
  A gnoll (D:1)
  2 dart slugs
  3 bats (D:1)
  2 endoplasms (D:1)
  A giant cockroach (D:1)
  2 goblins (D:1)
  5 hobgoblins (D:1)
  2 quokkas (D:1)
  2 ball pythons (D:1)
  4 frilled lizards
  2 kobolds
  3 rats (D:1)
31 creatures vanquished.

Vanquished Creatures (collateral kills)
  An endoplasm (D:1)
  A kobold (D:1)
  5 frilled lizards (D:1)
7 creatures vanquished.

Vanquished Creatures (others)
  4 plants (D:1)
4 creatures vanquished.

Grand Total: 42 creatures vanquished

Notes
Turn   | Place    | Note
-------+----------+-------------------------------------------
     0 | D:1      | SnakkuSnakku7 the Kobold Necromancer began the quest for
                  | the Orb.
     0 | D:1      | Reached XP level 1. HP: 10/10 MP: 3/3
     3 | D:1      | Noticed an electric eel
    76 | D:1      | Noticed an electric eel
   134 | D:1      | Reached XP level 2. HP: 15/15 MP: 0/5
   618 | D:1      | Reached XP level 3. HP: 19/19 MP: 3/6
   622 | D:1      | Learned a level 3 spell: Vampiric Draining
   676 | D:1      | Found a faded altar of an unknown god.
   715 | D:1      | Reached skill level 5 in Necromancy
  1279 | D:2      | Reached XP level 4. HP: 24/24 MP: 4/7
  1364 | D:2      | Noticed Natasha
  1381 | D:2      | Killed from afar by Natasha

Illustrated notes

Levels and vault maps discovered:
D:1:      arrival_aquarium_b, layout_loops_cross,
          shapermc_ecumenical_altar_ellora, chequers_serial_rivers_micro_b,
          minmay_lizard_king
D:2:      layout_rooms, corexii_leaking_fountain, uniq_natasha

Skill      XL: |  1  2  3 |
---------------+----------+-----
Necromancy     | 5 |  5.6
Dodging        | |  2.4
Stealth        | |  2.6
Spellcasting   | |  2.1

Action                   |  1- 3 |  4- 6 || total
-------------------------+-------+-------++-------
Melee: Unarmed           |    10 |       ||    10
       Short sword       |    13 |       ||    13
       Staff             |     7 |     1 ||     8
       Punch             |     1 |       ||     1
 Cast: Necrotise         |    41 |     7 ||    48
Armor: Robe              |     8 |       ||     8
Dodge: Dodged            |    43 |     2 ||    45
